 Dungeon Crawl Stone Soup version 0.22.1-5-g62c59d9 (webtiles) character file.

7490 Loza the Cleaver (level 10, -2/92 HPs)
             Began as a Deep Dwarf Fighter on Jan 10, 2019.
             Was a Believer of Makhleb.
             Slain by a white ugly thing (38 damage)
             ... on level 11 of the Dungeon.
             The game lasted 00:52:51 (8413 turns).

Loza the Cleaver (Deep Dwarf Fighter)               Turns: 8413, Time: 00:52:52

Health: -2/92      AC: 14    Str: 25    XL:     10   Next: 95%
Magic:  3/3        EV:  8    Int: 10    God:    Makhleb [**....]
Gold:   512        SH: 12    Dex: 15    Spells: 9/9 levels left

rFire    . . .     SeeInvis .   U - +3 morningstar (freeze) (curse)
rCold    . . .     Gourm    .   c - +0 shield
rNeg     . . .     Faith    .   X - +0 plate armour
rPois    .         Spirit   .   (no helmet)
rElec    .         Reflect  .   (no cloak)
rCorr    .         Harm     +   g - +0 pair of gloves
MR       +....                  (no boots)
Stlth    ..........             W - amulet of harm
HPRegen  0.00/turn              F - +3 ring of strength
MPRegen  0.08/turn              D - +3 ring of dexterity

@: non-regenerating
A: damage resistance, heal wounds, sense surroundings 2, no regeneration
a: Heal Wounds, Minor Destruction, Renounce Religion


You were on level 11 of the Dungeon.
You worshipped Makhleb.
Makhleb was pleased with you.
You were not hungry.

You visited 2 branches of the dungeon, and saw 12 of its levels.

You collected 512 gold pieces.

Inventory:

Hand Weapons
 a - a +0 war axe
 o - a cursed -1 hand axe
 E - a +0 scythe
 U - a cursed +3 morningstar of freezing (weapon)
 Z - a +1 hand axe of flaming
Armour
 b - a +0 scale mail
 c - a +0 shield (worn)
 e - a +0 ring mail
 g - a +0 pair of gloves (worn)
 p - a +1 chain mail of poison resistance
 O - a +0 ring mail
 P - a +2 chain mail of fire resistance
 X - a +0 plate armour (worn)
Jewellery
 k - a cursed ring of protection from fire {unknown}
 m - an uncursed ring of ice {unknown}
 s - an uncursed ring of protection from magic {unknown}
 w - a +3 ring of evasion {unknown}
 D - a +3 ring of dexterity (right hand)
 F - a +3 ring of strength (left hand)
 H - an uncursed amulet of the acrobat
 M - an uncursed ring of positive energy {unknown}
 S - an uncursed ring of stealth {unknown}
 W - an amulet of harm (around neck)
Wands
 A - a wand of polymorph (19)
 C - a wand of acid (11)
 K - a wand of random effects (32)
 V - a wand of iceblast (7)
 Y - a wand of scattershot (2)
Scrolls
 h - 6 scrolls of teleportation
 j - 6 scrolls of magic mapping {unknown}
 n - 2 scrolls of blinking {unknown}
 q - 4 scrolls of noise {unknown}
 r - 2 scrolls of identify
 u - a scroll of enchant armour {unknown}
 v - 4 scrolls of remove curse {unknown}
 y - a scroll of fog {unknown}
 I - a scroll of holy word {unknown}
 Q - a scroll of vulnerability {unknown}
 R - a scroll of enchant weapon {unknown}
 T - a scroll of immolation {unknown}
Potions
 d - a potion of might
 i - a potion of heal wounds {unknown}
 l - 2 potions of cancellation {unknown}
 t - 3 potions of haste
 x - 3 potions of curing {unknown}
 z - 2 potions of degeneration {unknown}
 B - 2 potions of resistance
 G - a potion of brilliance {unknown}
 J - a potion of berserk rage {unknown}
 L - a potion of flight {unknown}
 N - a potion of invisibility {unknown}
Comestibles
 f - 18 rations


   Skills:
 + Level 6.8 Fighting
 + Level 11.5(11.7) Axes
 + Level 3.8(7.8) Maces & Flails
 + Level 7.8 Armour
 + Level 3.7 Dodging
 + Level 1.0 Stealth
 + Level 9.0 Shields


You had 9 spell levels left.
You didn't know any spells.
Your spell library was empty.

Dungeon Overview and Level Annotations

Branches:
Dungeon (11/15)            Temple (1/1) D:7            Lair (0/6) D:10
    Orc (0/2) D:10

Altars:
Ashenzari
Cheibriados
Dithmenos
Elyvilon
Fedhas
Gozag
Hepliaklqana
Kikubaaqudgha
Makhleb
Nemelex Xobeh
Okawaru
Qazlal
Ru
Sif Muna
Trog
Uskayaw
Vehumet
Wu Jian
Xom
Yredelemnul
Zin
The Shining One
Lugonu

Annotations:
D:6 HoaS's ghost, novice GrBe


Innate Abilities, Weirdness & Mutations

You are resistant to damage.
You can heal yourself by infusing magical energy.
You passively map the area around you.
You do not regenerate.


Message History

You hit the white ugly thing but do no damage.
The white ugly thing is lightly wounded.
You block the white ugly thing's attack.
The white ugly thing tentacle-slaps you but does no damage.
Your shield and plate armour prevent you from hitting the white ugly thing.
The white ugly thing is lightly wounded.
The white ugly thing tentacle-slaps you but does no damage.
You sock the white ugly thing! You freeze the white ugly thing.
The white ugly thing is moderately wounded.
The white ugly thing barely misses you.
You hit the white ugly thing.
The white ugly thing is moderately wounded.
You block the white ugly thing's attack.
You impale the white ugly thing!! You freeze the white ugly thing.
The white ugly thing is severely wounded.
You block the white ugly thing's attack.
You feel much better.
The white ugly thing tentacle-slaps you.
The white ugly thing freezes you!!
You die...

.......)#, * * * *
...###.......# .#
..., , .###
#.##.##.### .##.. *
.#####.#.# #...
.... ........# #...
... ,
.......#.#.#.# *..
* #####..##.##.#
*H# ,
####.........####u#
,
...†....).......@.#
,
####...##.#########
*, ##.###.#* #.#
... * *
#####.#.###.* ,, ,,
* ......#.* .. , *
* ####### *,##** ,
, **


You could see a white ugly thing and a manticore.

Vanquished Creatures
  Erolcha (D:9)
  A two-headed ogre (D:9)
  Pikel (D:5)
  A manticore (D:11)
  Joseph (D:8)
  Grinder (D:6)
  2 trolls
  A hornet (D:8)
  2 hippogriffs (D:11)
  Sigmund (D:5)
  A hornet zombie (D:11)
  A water moccasin (D:9)
  5 orc warriors
  2 ice beasts (D:10)
  5 ogres
  A phantom (D:9)
  A necrophage (D:9)
  4 centaurs
  A big kobold (D:8)
  6 bullfrogs
  3 scorpions
  4 wights (D:9)
  A howler monkey (D:7)
  A bullfrog zombie (D:11)
  5 crimson imps
  2 jellies (D:8)
  2 bullfrog skeletons
  2 hounds
  6 orc priests
  Terence (D:2)
  7 worker ants
  5 iguanas
  2 orc wizards
  2 worker ant zombies
  6 adders
  2 shadow imps
  2 oozes
  3 dart slugs
  2 leopard geckos
  30 orcs
  6 giant cockroaches
  5 goblins
  10 hobgoblins
  23 jackals
  11 kobolds
  5 quokkas
  A ball python skeleton (D:4)
  4 bats
  4 frilled lizards
  A leopard gecko skeleton (D:8)
  11 rats
208 creatures vanquished.

Notes
Turn   | Place    | Note
-------+----------+-------------------------------------------
     0 | D:1      | Loza the Deep Dwarf Fighter began the quest for the Orb.
     0 | D:1      | Reached XP level 1. HP: 20/20 MP: 1/1
   288 | D:1      | Reached XP level 2. HP: 12/28 MP: 2/2
   563 | D:1      | Reached XP level 3. HP: 25/34 MP: 3/3
  1242 | D:2      | Reached skill level 3 in Axes
  1362 | D:2      | Found a shadowy altar of Dithmenos.
  1413 | D:2      | Noticed Terence
  1431 | D:2      | Killed Terence
  1431 | D:2      | Reached XP level 4. HP: 13/42 MP: 4/4
  1687 | D:2      | Reached skill level 1 in Dodging
  1932 | D:3      | Reached skill level 4 in Axes
  2085 | D:3      | Found a blossoming altar of Fedhas.
  2432 | D:3      | Found a shimmering altar of Xom.
  2590 | D:4      | Reached XP level 5. HP: 41/49 MP: 5/5
  2644 | D:4      | Noticed an ogre
  2658 | D:4      | Killed an ogre
  2658 | D:4      | Reached XP level 6. HP: 24/56 MP: 6/6
  2713 | D:4      | Reached skill level 5 in Axes
  3011 | D:5      | Entered Level 5 of the Dungeon
  3094 | D:5      | Reached XP level 7. HP: 52/63 MP: 6/6
  3110 | D:5      | Reached skill level 6 in Axes
  3319 | D:5      | Found an ancient bone altar of Kikubaaqudgha.
  3522 | D:5      | Noticed Pikel
  3562 | D:5      | Killed Pikel
  3562 | D:5      | Reached skill level 7 in Axes
  3562 | D:5      | Reached skill level 5 in Shields
  3562 | D:5      | Reached XP level 8. HP: 33/73 MP: 7/7
  3615 | D:5      | Noticed Sigmund
  3631 | D:5      | Killed Sigmund
  3631 | D:5      | Reached skill level 5 in Armour
  3648 | D:5      | Reached skill level 8 in Axes
  3826 | D:6      | Noticed Grinder
  3894 | D:6      | Paralysed by Grinder for 2 turns
  3901 | D:6      | Paralysed by Grinder for 3 turns
  3910 | D:6      | Paralysed by Grinder for 4 turns
  3951 | D:6      | Killed Grinder
  4074 | D:6      | Found a hide-covered altar of Uskayaw.
  4289 | D:6      | Found a shattered altar of Ashenzari.
  4321 | D:6      | Found a runed door.
  4322 | D:6      | Noticed HoaS's ghost (novice GrBe)
  4464 | D:6      | Reached skill level 5 in Fighting
  4464 | D:6      | Reached skill level 9 in Axes
  4593 | D:7      | Gained mutation: You passively map the area around you.
                  | [Deep Dwarf growth]
  4593 | D:7      | Reached XP level 9. HP: 43/81 MP: 7/7
  4725 | D:7      | Found a staircase to the Ecumenical Temple.
  4730 | Temple   | Entered the Ecumenical Temple
  4799 | Temple   | Became a worshipper of Makhleb the Destroyer
  4880 | D:7      | Found a sacrificial altar of Ru.
  4926 | D:7      | Found a stormy altar of Qazlal.
  5616 | D:8      | Found an ornate altar of the Wu Jian Council.
  5695 | D:8      | Noticed Joseph
  5720 | D:8      | Killed Joseph
  5869 | D:8      | Reached skill level 1 in Stealth
  5889 | D:8      | Found a glowing silver altar of Zin.
  6002 | D:8      | Reached * piety under Makhleb
  6018 | D:8      | HP: 4/81 [hornet (8)]
  6020 | D:8      | Reached skill level 10 in Axes
  6024 | D:8      | Paralysed by a hornet for 1 turns
  6635 | D:9      | Noticed Erolcha
  6664 | D:9      | Noticed a two-headed ogre
  6668 | D:9      | Killed Erolcha
  6668 | D:9      | Reached XP level 10. HP: 8/91 MP: 6/6
  6684 | D:9      | HP: 2/91 [two-headed ogre/giant club (15)]
  6693 | D:9      | Killed a two-headed ogre
  6693 | D:9      | Reached skill level 11 in Axes
  6890 | D:9      | Found a hazy altar of Hepliaklqana.
  7067 | D:9      | Found a bloodstained altar of Trog.
  7405 | D:10     | Entered Level 10 of the Dungeon
  7478 | D:10     | Found a staircase to the Lair.
  7576 | D:10     | Reached ** piety under Makhleb
  7629 | D:10     | Reached skill level 1 in Maces & Flails
  7860 | D:10     | Found a staircase to the Orcish Mines.
  8337 | D:11     | Noticed a manticore
  8352 | D:11     | Killed a manticore
  8396 | D:11     | Noticed a white ugly thing
  8401 | D:11     | Noticed a manticore
  8413 | D:11     | Slain by a white ugly thing

Skill      XL: |  1  2  3  4  5  6  7  8  9 10 |
---------------+-------------------------------+-----
Fighting       | 3 4 5 6 |  6.8
Axes           | 3 4 5 7 9 10 11 | 11.5
Dodging        | 1 2 3 |  3.7
Armour         | 4 5 6 7 |  7.8
Shields        | 4 5 6 8 9 |  9.0
Stealth        | 1 |  1.0
Maces & Flails | 3 |  3.8

Action                   |  1- 3 |  4- 6 |  7- 9 | 10-12 || total
-------------------------+-------+-------+-------+-------++-------
Melee: War axe           |   146 |   130 |   421 |    53 ||   750
       Morningstar       |       |       |       |   124 ||   124
 Abil: Heal Wounds       |     1 |     2 |    12 |    13 ||    28
  Use: Scroll            |       |     2 |     6 |     2 ||    10
       Potion            |       |       |     5 |       ||     5
  Eat: Chunk             |     1 |     2 |     4 |     4 ||    11
       Ration            |       |     2 |     2 |     1 ||     5
Armor: Scale mail        |    47 |       |       |       ||    47
       Chain mail        |       |    65 |   172 |    31 ||   268
       Plate armour      |       |       |       |    33 ||    33
Dodge: Dodged            |    48 |    27 |   110 |    42 ||   227
Block: Shield            |    63 |    69 |   213 |   111 ||   456
